 Dungeon Crawl Stone Soup version 0.32-a0-918-g0f22ef8d61 (webtiles) character file.

Game seed: 13435340634383669523

1731 joemur96 the Chopper (level 8, -2/69 HPs)
             Began as an Armataur Berserker on Apr 10, 2024.
             Was a Priest of Trog.
             Slain by a black bear (6 damage)
             ... on level 8 of the Dungeon.
             The game lasted 00:23:22 (4855 turns).

joemur96 the Chopper (Armataur Berserker)           Turns: 4855, Time: 00:23:23

Health: -2/69      AC:  6    Str: 25    XL:     8   Next: 76%
Magic:  8/8        EV:  8    Int:  8    God:    Trog [***...]
Gold:   251        SH:  0    Dex:  9    Spells: 7/7 levels left

rFire   . . .        a - +0 hand axe
rCold   . . .        (no shield)
rNeg    . . .        m - +0 ring mail "Ehaote" {*Slow rElec rPois rCorr}
rPois   +            (no helmet)
rElec   +            (no cloak)
rCorr   +            (no gloves)
SInv    .            (no barding)
Will    +....        (no amulet)
Stlth   +            (no ring)
HPRegen 0.31/turn    (no ring)
MPRegen 0.11/turn

%: slow self (1%), roll
@: about to teleport, on berserk cooldown, enlightened, flying, slowed, very
slow
A: large, deformed body, tough skin 3, armoured tail, rollpage 2
a: Renounce Religion, Berserk, Trog's Hand


You were on level 8 of the Dungeon.
You worshipped Trog.
Trog was most pleased with you.
You visited 2 branches of the dungeon, and saw 7 of its levels.

You collected 251 gold pieces.

Inventory:

Hand Weapons
 a - a +0 hand axe (weapon)
 v - a +2 dagger of electrocution
Armour
 b - a +0 animal skin
 c - a +0 plate armour
 m - the +0 ring mail "Ehaote" (worn) {*Slow rElec rPois rCorr}
   (You found it on level 2 of the Dungeon)

   rElec:     It insulates you from electricity.
   rPois:     It protects you from poison.
   rCorr:     It protects you from acid and corrosion.
   *Slow:     It may slow you when you take damage.
Jewellery
 i - a ring of ice
Scrolls
 h - a scroll of revelation {unknown}
 k - a scroll of enchant weapon {unknown}
 l - a scroll of brand weapon {unknown}
 o - a scroll of blinking {unknown}
 q - 5 scrolls of identify {unknown}
 s - a scroll of teleportation
Potions
 d - 2 potions of attraction {unknown}
 e - a potion of might {unknown}
 f - a potion of haste {unknown}
 j - a potion of enlightenment
 n - a potion of heal wounds {unknown}
 p - a potion of lignification {unknown}
 t - a potion of degeneration {unknown}
 u - a potion of curing {unknown}


   Skills:
 + Level 5.6 Fighting
 + Level 7.0 Axes
 + Level 1.1 Throwing
 + Level 5.9 Armour
 + Level 3.0 Dodging
 + Level 0.6 Stealth


You had 7 spell levels left.
You didn't know any spells.
Your spell library contained the following spells:

 Spells                   Type           Power      Damage    Failure   Level
 Kiss of Death            Conj/Necr      0%         2d5       54%         1
 Sandblast                Erth           0%         2d4       54%         1
 Confusing Touch          Hex            0%         N/A       88%         3
 Frozen Ramparts          Ice            0%         1d1       88%         3
 Ozocubu's Armour         Ice            0%         N/A       88%         3
 Stone Arrow              Conj/Erth      0%         3d7       88%         3
 Brom's Barrelling Bould  Conj/Erth      0%         2d3       99%         4
 Dispel Undead            Necr           0%         3d6       99%         4
 Metabolic Englaciation   Hex/Ice        0%         N/A       100%        5


Dungeon Overview and Level Annotations

Branches:
Dungeon (8/15)             Temple (1/1) D:6
   Lair: D:8-11

Altars:
Cheibriados
Dithmenos
Elyvilon
Fedhas
Gozag
Hepliaklqana
Makhleb
Nemelex Xobeh
Okawaru
Qazlal
Ru
Trog
Uskayaw
Vehumet
Wu Jian
Xom
Zin
The Shining One


Innate Abilities, Weirdness & Mutations

Armour fits poorly on your strangely shaped body.
You have extremely tough skin. (AC +3)
You have a long armoured tail.
You regenerate magic and health when rolling toward enemies. (Rampage Regen)


Message History

Your Throwing skill increases to level 1!
You closely miss the ice beast.
Your tail-slap misses the ice beast.
You hit the sky beast. You hit the orc. You closely miss the ice beast.
You hit the sky beast. You barely miss the orc.
You are no longer berserk.
You are exhausted.
You feel yourself slow down. The sky beast hits you. The sky beast shocks you.
You resist. The orc hits you with a +0 whip.
The orc warrior closely misses you.
An orc priest comes into view. It is wielding a +0 short sword.
The ice beast hits you. The ice beast freezes you!
* * * LOW HITPOINT WARNING * * *
It was a potion of enlightenment.
You feel very buoyant.
You fly up into the air.
The sky beast closely misses you. The orc hits you but does no damage.
The orc warrior hits you from afar with a +0 trident!
* * * LOW HITPOINT WARNING * * *
The ice beast barely misses you. The sky beast barely misses you.
The orc hits you with a +0 whip.
* * * LOW HITPOINT WARNING * * *
The orc warrior barely misses you.
The ice beast hits you but does no damage.
The black bear bites you.
* * * LOW HITPOINT WARNING * * *
The black bear barely misses you.
The black bear claws you but does no damage.
The ice beast barely misses you. The orc warrior completely misses you.
The orc hits you but does no damage. The sky beast barely misses you.
The black bear misses you.
The black bear claws you but does no damage. x2
You fly downwards.
The sentinel's mark upon you fades away.
The bullfrog croaks.
You hear a shout! x2
There is a stone staircase leading up here.
As you read the scroll of teleportation, it crumbles to dust.
You feel strangely unstable. The bullfrog closely misses you.
The orc hits you but does no damage. The sky beast misses you.
The black bear bites you.
You die...

## .# # .#
##.## .#
...... .#
......##.#
.......FY#
#@#
#.....oYh#
...........
#..#########
#.


You could see a black bear, an ice beast, a sky beast, a bullfrog and an orc.

Vanquished Creatures
  Sigmund (D:2)
  A wyvern (D:7)
  A water moccasin (D:7)
  Duvessa (D:6)
  An ogre (D:6)
  A phantom (D:6)
  3 kobold brigands (D:6)
  A bullfrog (D:6)
  2 scorpions (D:6)
  Dowan (D:6)
  3 electric eels (D:6)
  A howler monkey (D:6)
  A crimson imp (D:6)
  A hound (D:6)
  2 jellies
  An orc priest (D:7)
  A sleepcap (D:7)
  An iguana (D:7)
  An orc wizard (D:7)
  11 gnolls
  3 adders
  2 ufetubi (D:7)
  A dart slug (D:2)
  A ribbon worm (D:3)
  15 orcs
  4 ball pythons
  8 endoplasms
  4 giant cockroaches
  5 goblins
  6 hobgoblins
  3 jackals (D:2)
  2 quokkas
  5 bats
  A frilled lizard (D:2)
  39 kobolds
  5 rats
140 creatures vanquished.

Notes
Turn   | Place    | Note
-------+----------+-------------------------------------------
     0 | D:1      | joemur96 the Armataur Berserker began the quest for the
                  | Orb.
     0 | D:1      | Reached XP level 1. HP: 18/18 MP: 1/1
   200 | D:1      | Reached XP level 2. HP: 26/26 MP: 2/2
   557 | D:1      | Reached XP level 3. HP: 26/31 MP: 3/3
   778 | D:2      | Reached skill level 3 in Axes
  1015 | D:2      | Noticed Sigmund
  1023 | D:2      | Killed Sigmund
  1024 | D:2      | Reached XP level 4. HP: 40/40 MP: 4/4
  1024 | D:2      | Reached XP level 5. HP: 46/46 MP: 5/5
  1024 | D:2      | Found a shadowy altar of Dithmenos.
  1032 | D:2      | Identified the +0 ring mail "Ehaote" {*Slow rElec rPois
                  | rCorr}
  1230 | D:2      | Reached ** piety under Trog
  2301 | D:3      | Reached skill level 4 in Axes
  2310 | D:3      | Found a faded altar of an unknown god.
  2379 | D:3      | You fall into a shaft and drop 3 floors!
  2452 | D:6      | Reached XP level 6. HP: 48/52 MP: 6/6
  2494 | D:6      | Found a staircase to the Ecumenical Temple.
  2502 | Temple   | Entered the Ecumenical Temple
  2952 | D:6      | Reached skill level 5 in Axes
  3007 | D:6      | Gained mutation: You regenerate magic and health when
                  | rolling toward enemies. (Rampage Regen) [Armataur growth]
  3007 | D:6      | Reached XP level 7. HP: 59/59 MP: 7/7
  3403 | D:6      | Reached skill level 5 in Armour
  3841 | D:6      | Reached *** piety under Trog
  3946 | D:6      | Noticed Duvessa
  3948 | D:6      | Noticed Dowan
  3957 | D:6      | Killed Dowan
  3961 | D:6      | Killed Duvessa
  3962 | D:6      | Reached skill level 6 in Axes
  3962 | D:6      | Reached XP level 8. HP: 67/67 MP: 8/8
  3994 | D:6      | Reached skill level 5 in Fighting
  4227 | D:6      | Found a burning altar of Makhleb.
  4848 | D:7      | Reached skill level 7 in Axes
  4850 | D:7      | Reached skill level 1 in Throwing
  4855 | D:8      | Slain by a black bear

Illustrated notes

Levels and vault maps discovered:
D:1:      minmay_arrival_four_loops, layout_basic
D:2:      layout_basic, basic_altar, minivault_11,
          corexii_item_surrounded_by_moat, grunt_ministairs_9,
          minmay_misc_feat_alley, hangedman_decor_opposing, amethyst_killhole,
          uniq_sigmund
D:3:      layout_loops_ring, gup_sewer_entry_spiral,
          shapermc_ecumenical_altar_mp_ritualfount
D:6:      minmay_goblin_kobold_castle, layout_loops_ring, makhleb_grotto_becter,
          minmay_temple_entry_junction, chequers_mini_garden,
          hangedman_decor_growths, uniq_duvessa
D:7:      layout_basic, nicolae_twisty_statue_hallways
D:8:      layout_basic
Temple:   nicolae_temple_bog_church

Skill      XL: |  1  2  3  4  5  6  7  8 |
---------------+-------------------------+-----
Fighting       | 3 4 5 |  5.6
Axes           | 3 4 5 6 7 |  7.0
Armour         | 3 4 5 |  5.9
Dodging        | 2 3 |  3.0
Throwing       | 1 |  1.1
Stealth        | |  0.6

Action                     |  1- 3 |  4- 6 |  7- 9 || total
---------------------------+-------+-------+-------++-------
  Melee: Hand axe          |    69 |   124 |   175 ||   368
         Tailslap          |     5 |    19 |    27 ||    51
  Throw: Javelin           |       |     3 |     6 ||     9
 Invoke: Berserk           |     2 |     5 |    10 ||    17
    Use: Scroll            |     1 |       |     4 ||     5
         Potion            |       |       |     1 ||     1
 Armour: Animal skin       |     2 |       |       ||     2
         Plate armour      |    61 |       |       ||    61
         Ring mail         |       |    61 |   178 ||   239
  Dodge: Dodged            |    24 |    48 |   110 ||   182

Table legend: (Time is in decaauts)
 A = Elapsed time spent in this place.
 B = Non-inter-level travel time spent in this place.
 C = Inter-level travel time spent in this place.
 D = Time resting spent in this place.
 E = Time spent auto-exploring this place.
 F = Levels seen in this place.
 G = Mean time per level.
                   A        B        C        D        E       F      G
               +--------+--------+--------+--------+--------+-----+--------+
         Total |   5030 |   5030 |      0 |   1225 |   2284 |   7 |  718.6 |
       Dungeon |   4884 |   4884 |      0 |   1225 |   2284 |   6 |  814.0 |
        Temple |    145 |    145 |      0 |      0 |      0 |   1 |  145.0 |
               +--------+--------+--------+--------+--------+-----+--------+

Top non-repeatable levels by time:
     D:6: 2241 daAuts
     D:2: 1200 daAuts
     D:1: 771 daAuts
     D:3: 451 daAuts
     D:7: 219 daAuts
  Temple: 145 daAuts
     D:8: 1 daAuts
